 Dungeon Crawl Stone Soup version 0.22.1-1-ga44c0e56f4 (webtiles) character file.

442120 Peloso the Minotaur Barricade (level 23, -8/223 HPs)
             Began as a Minotaur Fighter on Nov 10, 2018.
             Was the Champion of Okawaru.
             Splashed by a deep elf sorcerer's acid (12 damage)
             ... on level 3 of the Elven Halls on Nov 11, 2018.
             The game lasted 03:03:48 (54177 turns).

Peloso the Minotaur Barricade (Minotaur Fighter)   Turns: 54177, Time: 03:03:49

Health: -8/223     AC: 34    Str: 37    XL:     23   Next: 4%
Magic:  24/24      EV: 10    Int:  8    God:    Okawaru [******]
Gold:   3566       SH: 35    Dex: 15    Spells: 22/22 levels left

rFire    . . .     SeeInvis .   s - +9 demon blade (flame)
rCold    . . .     Gourm    .   c - +2 large shield {reflect}
rNeg     . . .     Faith    .   F - +1 crystal plate armour
rPois    +         Spirit   .   W - +0 hat of the Volcano {Str+3}
rElec    .         Reflect  +   L - +1 cloak "Waxt" {rPois MR+ Int+3}
rCorr    .         Harm     .   m - +2 pair of gloves {Str+3}
MR       ++...                  O - +2 pair of boots "Muog" {Dex+2}
Stlth    ..........             G - +4 amulet of reflection
HPRegen  0.47/turn              q - +3 ring of strength
MPRegen  0.19/turn              h - ring of flight

@: corroded
A: retaliatory headbutt, horns 2
}: 2/15 runes: barnacled, gossamer
a: Heroism, Finesse, Renounce Religion, Evoke Flight


You were on level 3 of the Elven Halls.
You worshipped Okawaru.
Okawaru was exalted by your worship.
You were not hungry.

You visited 8 branches of the dungeon, and saw 39 of its levels.
You visited the Abyss 2 times.
You also visited: Labyrinth and Ice Cave.

You collected 4661 gold pieces.
You spent 1095 gold pieces at shops.

Inventory:

Hand Weapons
 a - a +2 double sword of freezing
 b - the +6 long sword of Vethreb {holy, Int+2}
   (You found it in an ice cave)

   It has been blessed by the Shining One to cause great damage to the undead
   and demons.
   It affects your intelligence (+2).
 s - a +9 demon blade of flaming (weapon)
Armour
 c - a +2 large shield of reflection (worn)
 m - a +2 pair of gloves of strength (worn)
 y - a +1 shield of reflection
 F - a +1 crystal plate armour (worn)
 L - the +1 cloak "Waxt" (worn) {rPois MR+ Int+3}
   (You found it on level 3 of the Lair of Beasts)

   It affects your intelligence (+3).
   It protects you from poison.
   It affects your resistance to hostile enchantments.
 O - the +2 pair of boots "Muog" (worn) {Dex+2}
   (You bought it in a shop on level 2 of the Shoals)

   It affects your dexterity (+2).
 R - a +1 large shield of resistance
 W - the +0 hat of the Volcano (worn) {Str+3}
   (Okawaru gifted it to you on level 1 of the Vaults)

   It affects your strength (+3).
Jewellery
 g - an uncursed ring of resist corrosion
 h - a ring of flight (right hand)
 q - a +3 ring of strength (left hand)
 E - a +2 ring of evasion {unknown}
 G - a +4 amulet of reflection (around neck)
 S - an uncursed ring of see invisible
 T - an uncursed ring of protection from fire
 V - an uncursed ring of protection from cold
Wands
 j - a wand of acid (9)
 t - a wand of scattershot (4)
 u - a wand of flame (26)
 x - a wand of digging (5)
Scrolls
 i - 7 scrolls of noise
 k - a scroll of amnesia
 l - 5 scrolls of teleportation
 n - 14 scrolls of remove curse
 v - 3 scrolls of blinking
 z - 2 scrolls of enchant weapon
 C - a scroll of fog
 J - 5 scrolls of magic mapping
 K - 20 scrolls of identify
 X - 4 scrolls of fear
Potions
 d - 4 potions of might
 e - 21 potions of curing
 o - 5 potions of heal wounds
 p - a potion of brilliance
 r - 2 potions of invisibility
 w - 5 potions of haste
 A - 3 potions of flight
 B - 4 potions of agility
 H - 2 potions of resistance
 M - 3 potions of berserk rage
Comestibles
 f - 56 rations


   Skills:
 + Level 22.1 Fighting
 + Level 22.9 Long Blades
 + Level 19.9 Armour
 + Level 4.1 Dodging
 + Level 1.6 Stealth
 O Level 27 Shields
 + Level 0.9 Unarmed Combat
 + Level 3.1 Invocations
 + Level 1.9 Evocations


You had 22 spell levels left.
You didn't know any spells.
Your spell library contained the following spells:

 Spells                   Type           Power        Failure   Level  Hunger
 Animate Skeleton         Necr           N/A          96%         1    ##.....
 Infusion                 Chrm           #...         96%         1    ##.....
 Magic Dart               Conj           #...         96%         1    ##.....
 Pain                     Necr           #...         96%         1    ##.....
 Sandblast                Erth           #.....       96%         1    ##.....
 Shock                    Conj/Air       #...         96%         1    ##.....
 Sting                    Conj/Pois      #...         96%         1    ##.....
 Summon Small Mammal      Summ           #...         96%         1    ##.....
 Blink                    Tloc           N/A          99%         2    ###....
 Call Imp                 Summ           #.......     99%         2    ###....
 Ensorcelled Hibernation  Hex/Ice        #.....       99%         2    ###....
 Passwall                 Tmut/Erth      #.......     99%         2    ###....
 Poisonous Vapours        Pois/Air       #.....       99%         2    ###....
 Searing Ray              Conj           #.....       99%         2    ###....
 Shroud of Golubria       Chrm/Tloc      #.........   99%         2    ###....
 Song of Slaying          Chrm           #.......     99%         2    ###....
 Sublimation of Blood     Necr           #.........   99%         2    ###....
 Swiftness                Chrm/Air       #.......     99%         2    ###....
 Call Canine Familiar     Summ           #.......     100%        3    ####...
 Dazzling Spray           Conj/Hex       #.....       100%        3    ####...
 Gell's Gravitas          Tloc           #.........   100%        3    ####...
 Lesser Beckoning         Tloc           #.........   100%        3    ####...
 Mephitic Cloud           Conj/Pois/Air  #.......     100%        3    ####...
 Portal Projectile        Hex/Tloc       #.....       100%        3    ####...
 Recall                   Summ/Tloc      N/A          100%        3    ####...
 Regeneration             Chrm/Necr      #.........   100%        3    ####...
 Spectral Weapon          Hex/Chrm       #.......     100%        3    ####...
 Static Discharge         Conj/Air       #.......     100%        3    ####...
 Stone Arrow              Conj/Erth      #.....       100%        3    ####...
 Summon Guardian Golem    Hex/Summ       #.......     100%        3    ####...
 Teleport Other           Tloc           #.......     100%        3    ####...
 Vampiric Draining        Necr           #.........   100%        3    ####...
 Airstrike                Air            #.........   100%        4    #####..
 Animate Dead             Necr           N/A          100%        4    #####..
 Cause Fear               Hex            #.........   100%        4    #####..
 Force Lance              Conj/Tloc      #.......     100%        4    #####..
 Fulminant Prism          Conj/Hex       #.........   100%        4    #####..
 Ice Form                 Ice/Tmut       #.......     100%        4    #####..
 Iskenderun's Mystic Bla  Conj           #.......     100%        4    #####..
 Olgreb's Toxic Radiance  Pois           #.......     100%        4    #####..
 Passage of Golubria      Tloc           N/A          100%        4    #####..
 Petrify                  Tmut/Erth      #.......     100%        4    #####..
 Summon Ice Beast         Ice/Summ       #.......     100%        4    #####..
 Summon Lightning Spire   Summ/Air       #.......     100%        4    #####..
 Dispel Undead            Necr           #.......     100%        5    ######.
 Excruciating Wounds      Chrm/Necr      #.........   100%        5    ######.
 Iskenderun's Battlesphe  Conj/Chrm      #.......     100%        5    ######.
 Lee's Rapid Deconstruct  Erth           #.........   100%        5    ######.
 Lightning Bolt           Conj/Air       #.........   100%        5    ######.
 Metabolic Englaciation   Hex/Ice        #.........   100%        5    ######.
 Silence                  Hex/Air        #.........   100%        5    ######.
 Summon Forest            Summ/Tloc      #.........   100%        5    ######.
 Venom Bolt               Conj/Pois      #.........   100%        5    ######.
 Yara's Violent Unravell  Hex/Tmut       #.........   100%        5    ######.
 Bolt of Cold             Conj/Ice       #.........   100%        6    #######
 Conjure Ball Lightning   Conj/Air       #.........   100%        6    #######
 Darkness                 Hex            #.........   100%        6    #######
 Deflect Missiles         Chrm/Air       #.........   100%        6    #######
 Freezing Cloud           Conj/Ice/Air   #.........   100%        6    #######
 Invisibility             Hex            #.......     100%        6    #######
 Ozocubu's Refrigeration  Ice            #.........   100%        6    #######
 Simulacrum               Ice/Necr       #.........   100%        6    #######
 Ring of Flames           Chrm/Fire      #.........   100%        7    #######
 Controlled Blink         Tloc           N/A          100%        8    #######
 Discord                  Hex            #.........   100%        8    #######
 Tornado                  Air            #.........   100%        9    #######


Dungeon Overview and Level Annotations

Branches:
Dungeon (15/15)            Temple (1/1) D:7            Lair (6/6) D:10
 Shoals (4/4) Lair:3       Spider (4/4) Lair:3        Slime (0/5) Lair:6
    Orc (2/2) D:9             Elf (3/3) Orc:2        Vaults (4/5) D:13
  Crypt (0/3) Vaults:2     Depths (0/5) D:15

Altars:
Ashenzari
Cheibriados
Dithmenos
Elyvilon
Fedhas
Gozag
Hepliaklqana
Kikubaaqudgha
Makhleb
Nemelex Xobeh
Okawaru
Qazlal
Ru
Sif Muna
Trog
Uskayaw
Vehumet
Wu Jian
Xom
Yredelemnul
Zin
The Shining One
Beogh

Shops:
D:14 %=[   Orc:2 %!}(   Elf:2 :   Elf:3 *   Shoals:2 *   Vaults:2 [


Innate Abilities, Weirdness & Mutations

You reflexively headbutt those who attack you in melee.
You have a pair of horns on your head.


Message History

The sphere of damnation explodes!
The damnation engulfs you!
You hear a shout!
The deep elf sorcerer gestures at you while chanting.
The bolt of acid misses you.
The deep elf sorcerer gestures wildly while chanting.
The deep elf sorcerer seems to speed up.
There is an open door here.
The deep elf sorcerer points at you and mumbles some strange words.
The bolt of acid hits you! The acid corrodes you!
You are splashed with acid!
The acid burns!
* * * LOW HITPOINT WARNING * * *
The deep elf sorcerer shouts, "You can't withstand my power!"
The deep elf sorcerer points at you and mumbles some strange words.
The sphere of damnation explodes!
The damnation engulfs you!
* * * LOW HITPOINT WARNING * * *
The deep elf sorcerer points at you and mumbles some strange words.
The bolt of acid hits you!
* * * LOW HITPOINT WARNING * * *
You are splashed with acid!
The acid burns!
You die...

[.......## ##.####
...<...#'## ##.##
.......##.######.##
###'######.##.#'## ###.#
##'.P.## # #.# ##.....## #
#.# #.P...P.# # #.#
##.....## # #.# ##.P.#@## #
#.# ##.###.## ###'##### ###
##.## ........# ##e######
.......♣### ##'#...###
(.........# ########e......#
...(..♣∩♣.###.#..).#.e.....#
)..(......'..[...[.).))....#
...#...♣..###.#....#.e.....#


You could see a deep elf annihilator and 2 deep elf sorcerers.

Vanquished Creatures
  Mennas (Vaults:4)
  Boris (Vaults:3)
  Margery (Vaults:3)
  Xtahua (Vaults:4)
  The ghost of Kadeclir the Hoplite, a veteran GrFi of Okawaru (Vaults:4)
  The ghost of Kadeclir the Hoplite, a veteran GrFi of Okawaru (Vaults:4)
  A bone dragon (Vaults:3)
  Arachne (Spider:2)
  A lich (Vaults:2)
  A tentacled monstrosity (Abyss:2)
  A deep elf blademaster (Elf:3)
  Frances (D:13)
  An eldritch tentacle (Vaults:3)
  2 sphinxes
  A tentacled starspawn (Abyss:2)
  A kraken (Shoals:3)
  Kirke (D:12)
  3 storm dragons
  A tengu reaver (Vaults:3)
  A shadow dragon (Vaults:3)
  2 frost giants (Vaults:3)
  The ghost of Morbidden the Brawler, an adept DrFi of Qazlal (Spider:2)
  Ilsuiw (Shoals:3)
  A fire giant (Orc:1)
  2 azure jellies (Vaults:3)
  7 deep elf sorcerers
  Louise (Spider:1)
  4 emperor scorpions
  3 ghost moths
  An orc warlord (Orc:1)
  18 ironheart preservers
  10 vault wardens
  4 deep elf elementalists
  A caustic shrike skeleton (Vaults:3)
  2 war gargoyles (Vaults:3)
  8 entropy weavers
  An entropy weaver (shapeshifter) (Vaults:3)
  6 very ugly things
  4 deep elf demonologists
  Nessos (D:13)
  5 stone giants
  A minotaur (Lab)
  2 spark wasps (Spider:4)
  4 crystal guardians (Elf:3)
  3 fire dragons
  5 deep elf death magi
  3 ettins
  7 merfolk javelineers
  Josephine (Lair:4)
  3 deep elf high priests
  17 ogre magi
  9 yaktaur captains
  9 merfolk impalers
  3 great orbs of eyes
  The ghost of D1HalberdGnoll the Destroyer, a journeyman DrCj of Vehumet (Lair:2)
  2 ice dragons
  A vault guard (Vaults:4)
  4 hydras
  An alligator snapping turtle (Shoals:4)
  11 centaur warriors
  A juggernaut simulacrum (Vaults:3)
  3 ghost crabs (Vaults:3)
  3 merfolk avatars
  2 catoblepae
  4 deep troll earth magi
  45 two-headed ogres
  A queen ant (Spider:1)
  5 merfolk aquamancers
  22 dancing weapons
  2 deep troll shamans
  A tengu warrior (D:15)
  2 orc high priests
  2 shock serpents (Vaults:3)
  Sonja (Lair:3)
  22 deep elf knights
  5 skeletal warriors
  2 unseen horrors
  10 hell knights
  A glowing orange brain (Vaults:4)
  3 shadow wraiths
  16 sea snakes
  17 deep trolls
  An orange crystal statue (D:14)
  4 wizards
  11 deep elf archers
  5 necromancers
  25 harpies
  81 deep elf magi
  25 ironbrand convokers
  51 ugly things
  14 orc knights
  16 orb spiders
  27 wolf spiders
  12 orc sorcerers
  An oklob plant (Shoals:4)
  20 merfolk sirens
  19 cyclopes
  A worldbinder (Abyss:2)
  2 centaur zombies
  15 manticores
  3 moths of wrath
  A salamander (shapeshifter) (Vaults:2)
  3 elephants (Lair:6)
  A tengu skeleton (Vaults:2)
  A black mamba (shapeshifter) (Vaults:1)
  6 fauns
  Maurice (D:12)
  8 vault sentinels
  4 ice statues
  3 black mambas
  An iron dragon skeleton (Vaults:3)
  A naga mage (Vaults:3)
  10 water nymphs
  4 centaur skeletons
  A gargoyle (D:13)
  6 torpor snails
  A smoke demon (Abyss:3)
  10 komodo dragons
  A kobold demonologist (D:13)
  24 spiny frogs
  An elf skeleton (Vaults:3)
  2 rime drakes (D:13)
  9 demonic crawlers
  2 freezing wraiths
  23 yaktaurs
  10 ice devils (IceCv)
  An anaconda simulacrum (Vaults:3)
  33 jumping spiders
  39 merfolk
  A small abomination (Vaults:3)
  A wind drake (shapeshifter) (Vaults:3)
  10 trolls
  A tengu conjurer (D:15)
  2 hippogriffs (shapeshifter) (Vaults:3)
  5 tyrant leeches (Lair:6)
  14 slime creatures
  A polar bear (shapeshifter) (Vaults:1)
  22 hornets
  2 blink frogs (shapeshifter)
  5 wind drakes
  A harpy skeleton (D:15)
  An iron dragon simulacrum (Vaults:3)
  28 blink frogs
  2 raiju (Vaults:3)
  16 hippogriffs
  A human simulacrum (Vaults:1)
  2 dream sheep (Shoals:4)
  96 redbacks
  An air elemental (Vaults:3)
  6 snapping turtles
  A spriggan (shapeshifter) (Elf:2)
  18 water elementals
  2 tarantellas (shapeshifter)
  29 tarantellas
  5 wraiths
  A vampire (D:14)
  3 fire elementals
  3 wyverns
  4 shadows
  Eustachio (D:4)
  2 fire bats (Orc:1)
  15 yaks
  A large abomination (Abyss:2)
  A steam dragon (Lair:3)
  2 humans (shapeshifter)
  4 basilisks
  6 hogs (D:12)
  A hungry ghost (D:13)
  Grum (D:7)
  9 vampire mosquitoes
  A chaos spawn (Abyss:2)
  A deep troll zombie (Vaults:2)
  Edmund (D:4)
  18 wargs
  24 soldier ants
  2 spatial vortices (Vaults:3)
  4 insubstantial wisps (Vaults:3)
  8 water moccasins
  2 acid dragons (D:14)
  5 porcupines
  Duvessa (D:4)
  An elf simulacrum (Vaults:3)
  2 phantoms
  An ettin simulacrum (Vaults:2)
  6 ice beasts
  8 sky beasts
  2 black bears (Lair:4)
  41 orc warriors
  2 black mamba simulacra (Vaults:3)
  49 ogres
  2 fire dragon simulacra (Vaults:3)
  2 necrophages
  19 centaurs
  16 wolves
  9 crocodiles
  3 big kobolds
  A big kobold (shapeshifter) (Vaults:3)
  28 bullfrogs
  Blork the orc (D:5)
  A wyvern zombie (D:8)
  Dowan (D:4)
  3 earth elementals
  2 wyvern skeletons
  3 scorpions
  7 killer bees
  2 elephant simulacra (Vaults:3)
  5 howler monkeys
  4 wights (D:8)
  4 electric eels
  A lava snake (Orc:1)
  7 crimson imps
  9 jellies
  A draconian simulacrum (IceCv)
  2 quasits
  26 orc priests
  2 bullfrog zombies
  7 hounds
  59 orc wizards
  9 iguanas
  Natasha (thrice) (D:4)
  A spriggan simulacrum (IceCv)
  32 worker ants
  4 hell rats (Lair:3)
  2 polar bear simulacra (Lair:6)
  A yak simulacrum (Lair:6)
  4 lightning spires (Vaults:3)
  A troll simulacrum (IceCv)
  3 wolf simulacra (Lair:6)
  A centaur simulacrum (IceCv)
  A hound skeleton (D:4)
  2 worker ant zombies
  7 gnolls
  4 naga simulacra
  11 adders
  3 ogre simulacra (IceCv)
  6 river rats (Lair:3)
  5 shadow imps
  An ufetubus (Abyss:2)
  3 oozes
  An adder zombie (D:9)
  An adder skeleton (D:7)
  A worm (D:4)
  5 leopard geckos
  140 orcs
  6 giant cockroaches
  5 hobgoblins
  4 jackals (D:1)
  15 kobolds
  3 quokkas
  8 bats
  4 frilled lizards
  11 goblins
  A jackal zombie (D:5)
  A leopard gecko skeleton (D:5)
  A leopard gecko zombie (D:3)
  A quokka skeleton (D:5)
  13 rats
  5 river rat simulacra (Lair:6)
  2 fungi (Spider:2)
  A macabre mass (Vaults:3)
  6 plants
  4 tentacles (Shoals:3)
1979 creatures vanquished.

Vanquished Creatures (others)
  A stone giant (Vaults:1)
  4 merfolk javelineers
  2 yaktaur captains
  3 satyrs
  A deep elf knight (Elf:2)
  7 deep elf archers
  4 fauns
  5 cyclopes
  A manticore (Shoals:1)
  12 yaktaurs
  A jumping spider (Vaults:3)
  A dream sheep (Shoals:4)
  A redback (Spider:3)
  An ogre (Vaults:4)
  3 centaurs (Vaults:3)
  3 orc wizards (Orc:2)
  2 ball lightnings (Vaults:3)
  2 orcs
  A kobold (D:14)
  20 fungi
  41 plants
  2 starspawn tentacles (Abyss:2)
  11 tentacles (Shoals:3)
129 creatures vanquished.

Grand Total: 2108 creatures vanquished

Notes
Turn   | Place    | Note
-------+----------+-------------------------------------------
     0 | D:1      | Peloso the Minotaur Fighter began the quest for the Orb.
     0 | D:1      | Reached XP level 1. HP: 19/19 MP: 0/0
   156 | D:1      | Reached XP level 2. HP: 27/27 MP: 1/1
   595 | D:2      | Reached XP level 3. HP: 33/33 MP: 2/2
   797 | D:2      | Reached skill level 1 in Dodging
   963 | D:2      | Found a hazy altar of Hepliaklqana.
  1069 | D:3      | HP: 1/33 [orc wizard/magic dart (6)]
  1076 | D:3      | HP: 1/33 [orc wizard/magic dart (1)]
  1080 | D:3      | Reached skill level 4 in Shields
  1080 | D:3      | Reached XP level 4. HP: 39/40 MP: 1/3
  1089 | D:3      | Reached skill level 5 in Armour
  1365 | D:3      | Reached XP level 5. HP: 40/46 MP: 4/4
  1964 | D:3      | Found a sparkling altar of Nemelex Xobeh.
  2026 | D:3      | Found a white marble altar of Elyvilon.
  2146 | D:4      | Noticed Duvessa
  2146 | D:4      | Noticed Dowan
  2162 | D:4      | Killed Duvessa
  2162 | D:4      | Reached XP level 6. HP: 34/53 MP: 2/5
  2171 | D:4      | Killed Dowan
  2376 | D:4      | Noticed Natasha
  2383 | D:4      | Killed Natasha
  2400 | D:4      | Noticed Natasha
  2408 | D:4      | Killed Natasha
  2581 | D:4      | Noticed Edmund
  2581 | D:4      | Reached skill level 5 in Long Blades
  2594 | D:4      | Killed Edmund
  2594 | D:4      | Reached skill level 5 in Fighting
  2594 | D:4      | Reached XP level 7. HP: 55/61 MP: 4/6
  2634 | D:4      | Found a stormy altar of Qazlal.
  2635 | D:4      | Noticed a water elemental
  2635 | D:4      | Noticed an air elemental
  2635 | D:4      | Noticed a fire elemental
  2635 | D:4      | Noticed Natasha
  2643 | D:4      | Killed Natasha
  2776 | D:4      | Reached skill level 5 in Shields
  3001 | D:4      | Reached XP level 8. HP: 41/68 MP: 7/7
  3339 | D:4      | Noticed Eustachio
  3363 | D:4      | Killed Eustachio
  3511 | D:5      | Entered Level 5 of the Dungeon
  3552 | D:5      | Found an opulent altar of Gozag.
  3673 | D:5      | Reached skill level 6 in Shields
  3738 | D:5      | Noticed Blork the orc
  3747 | D:5      | Killed Blork the orc
  3757 | D:5      | Found a deep blue altar of Sif Muna.
  3986 | D:5      | Reached skill level 1 in Stealth
  4634 | D:6      | Found a shimmering altar of Xom.
  4646 | D:6      | Reached XP level 9. HP: 61/75 MP: 6/8
  4775 | D:6      | Found an ancient bone altar of Kikubaaqudgha.
  5033 | D:7      | Reached skill level 7 in Shields
  5292 | D:7      | Found a staircase to the Ecumenical Temple.
  5371 | Temple   | Entered the Ecumenical Temple
  5927 | D:7      | Found a shadowy altar of Dithmenos.
  6022 | D:7      | Reached skill level 10 in Long Blades
  6342 | D:8      | Noticed Grum
  6371 | D:7      | Killed Grum
  6646 | D:8      | Found an iron altar of Okawaru.
  6660 | D:8      | Became a worshipper of Warmaster Okawaru
  6712 | D:8      | Reached XP level 10. HP: 58/88 MP: 5/9
  6821 | D:8      | Reached * piety under Okawaru
  6874 | D:8      | Noticed a two-headed ogre
  6890 | D:8      | Killed a two-headed ogre
  6890 | D:8      | Reached skill level 8 in Shields
  6901 | D:8      | Reached ** piety under Okawaru
  7192 | D:8      | Found an ornate altar of the Wu Jian Council.
  7578 | D:9      | Found a staircase to the Orcish Mines.
  7709 | D:9      | Noticed a two-headed ogre
  7720 | D:9      | Killed a two-headed ogre
  7720 | D:9      | Reached *** piety under Okawaru
  8260 | D:10     | Entered Level 10 of the Dungeon
  8415 | D:10     | Reached skill level 9 in Shields
  8535 | D:10     | Found a staircase to the Lair.
  8541 | D:10     | Received a gift from Okawaru
  8549 | D:10     | Reached XP level 11. HP: 52/96 MP: 5/10
  9332 | D:11     | Noticed a two-headed ogre
  9343 | D:11     | Killed a two-headed ogre
  9343 | D:11     | Reached **** piety under Okawaru
  9343 | D:11     | Reached skill level 10 in Armour
  9374 | D:11     | Noticed a brown ugly thing
  9391 | D:11     | Killed a brown ugly thing
  9391 | D:11     | Reached skill level 10 in Shields
  9467 | D:11     | Received a gift from Okawaru
  9710 | D:11     | You fall through a shaft!
  9918 | D:11     | Found a blossoming altar of Fedhas.
  9975 | D:11     | Reached skill level 10 in Fighting
 10392 | D:12     | Noticed Maurice
 10418 | D:12     | Noticed a white ugly thing
 10439 | D:12     | Killed a white ugly thing
 10467 | D:12     | Noticed Kirke
 10469 | D:12     | Found an iron altar of Okawaru.
 10515 | D:12     | Reached ***** piety under Okawaru
 10716 | D:12     | Noticed a two-headed ogre
 10725 | D:12     | Killed a two-headed ogre
 10725 | D:12     | Received a gift from Okawaru
 11033 | D:12     | Killed Maurice
 11488 | D:12     | Reached skill level 11 in Shields
 11819 | D:12     | Killed Kirke
 11819 | D:12     | Reached XP level 12. HP: 107/107 MP: 3/11
 11984 | D:12     | Received a gift from Okawaru
 12128 | Lair:1   | Entered Level 1 of the Lair of Beasts
 12858 | Lair:1   | Reached skill level 1 in Invocations
 13523 | Lair:2   | Found a runed door.
 13523 | Lair:2   | Found a shimmering altar of Xom.
 13523 | Lair:2   | Noticed D1HalberdGnoll's ghost (journeyman DrCj)
 13949 | Lair:2   | Reached skill level 12 in Shields
 14198 | Lair:3   | Noticed Sonja
 14214 | Lair:3   | Killed Sonja
 14225 | Lair:3   | Got a jewelled cloak
 14231 | Lair:3   | Identified the +1 cloak "Waxt" {rPois MR+ Int+3} (You found
                  | it on level 3 of the Lair of Beasts)
 15121 | Lair:3   | Noticed a seven-headed hydra
 15146 | Lair:3   | Found a hole to the Spider Nest.
 15521 | Lair:3   | Killed a 16-headed hydra
 15521 | Lair:3   | Received a gift from Okawaru
 15521 | Lair:3   | Reached XP level 13. HP: 77/117 MP: 7/13
 15678 | Lair:3   | Found a staircase to the Shoals.
 16011 | Lair:4   | Noticed Josephine
 16025 | Lair:4   | Killed Josephine
 16070 | Lair:4   | Reached skill level 13 in Shields
 16085 | Lair:4   | Reached skill level 15 in Long Blades
 17164 | Lair:5   | Received a gift from Okawaru
 17870 | Lair:6   | Entered Level 6 of the Lair of Beasts
 17884 | Lair:6   | Reached ****** piety under Okawaru
 17945 | Lair:6   | Received a gift from Okawaru
 18068 | Lair:6   | Reached skill level 14 in Shields
 18787 | Lair:6   | Reached XP level 14. HP: 78/128 MP: 8/14
 18820 | Lair:6   | Got a crude ring mail
 18840 | Lair:6   | Identified the +0 ring mail of the Exiled Moons {rF+} (You
                  | found it on level 6 of the Lair of Beasts)
 19371 | Lair:6   | Found a staircase to the Slime Pits.
 20014 | Orc:1    | Entered Level 1 of the Orcish Mines
 20021 | Orc:1    | Reached skill level 15 in Shields
 20172 | D:9      | Received a gift from Okawaru
 20895 | Orc:1    | Noticed an orc warlord
 20927 | Orc:1    | Killed an orc warlord
 21341 | Orc:1    | Noticed a fire giant
 21343 | Orc:1    | Found the +4 arc blade {discharge, rElec}
 21362 | Orc:1    | Killed a fire giant
 21362 | Orc:1    | Reached skill level 16 in Shields
 21387 | Orc:1    | Got a crude short sword
 21390 | Orc:1    | Got a slimy war axe
 21395 | Orc:1    | Got a shimmering dagger
 21401 | Orc:1    | Got a blackened hunting sling
 21630 | Orc:2    | Entered Level 2 of the Orcish Mines
 21811 | Orc:2    | Received a gift from Okawaru
 22139 | Orc:2    | Found a staircase to the Elven Halls.
 22221 | Orc:2    | Found a roughly hewn altar of Beogh.
 22755 | Orc:2    | Found Zij Sobashre's Weapon Emporium.
 22755 | Orc:2    | Found Guinke's Gadget Boutique.
 22795 | Orc:2    | Found Mesy's Distillery.
 22842 | Orc:2    | Bought a potion of mutation for 104 gold pieces
 22842 | Orc:2    | Bought a potion of might for 52 gold pieces
 22842 | Orc:2    | Bought a potion of curing for 39 gold pieces
 22850 | Orc:2    | Found Suam's Food Boutique.
 23119 | D:13     | Found a frozen archway.
 23205 | IceCv    | Entered an ice cave
 23206 | IceCv    | Identified the +10 short sword of Defilement {pierce, rPois
                  | rF+ Str+3} (You found it on level 1 of the Orcish Mines)
 23207 | IceCv    | Identified the cursed +2 war axe of Anger {speed, +Inv
                  | +Fly} (You found it on level 1 of the Orcish Mines)
 23355 | IceCv    | Reached XP level 15. HP: 110/138 MP: 15/15
 23542 | IceCv    | Got an ebony flail
 23551 | IceCv    | Got a scorched long sword
 23552 | IceCv    | Identified the +6 long sword of Vethreb {holy, Int+2} (You
                  | found it in an ice cave)
 23769 | D:13     | Found a gate to the Vaults.
 23775 | D:13     | Reached skill level 17 in Shields
 23859 | D:13     | Received a gift from Okawaru
 23892 | D:13     | Got a translucent short sword
 24320 | D:13     | Noticed Nessos
 24329 | D:13     | Killed Nessos
 24366 | D:13     | Noticed Frances
 24376 | D:13     | Killed Frances
 24887 | Lair:1   | Identified the cursed +1 short sword "Hegioc" {pierce,
                  | Str+5} (You found it on level 13 of the Dungeon)
 24890 | Lair:1   | Identified the cursed +0 dagger "Goblinbane" {freeze, *Rage
                  | rC+ MP+9 Int+3} (You found it on level 1 of the Orcish
                  | Mines)
 24894 | Lair:1   | Identified the +7 flail of Zatwe Coo {freeze, +Rage} (You
                  | found it in an ice cave)
 24897 | Lair:1   | Identified the cursed +1 hunting sling of the Peculiar Orbs
                  | {flame, rElec rC+ Dex-4} (You found it on level 1 of the
                  | Orcish Mines)
 25144 | D:14     | Found Idedat's Jewellery Shoppe.
 25150 | D:14     | Found Wyutoiqosu's Food Emporium.
 25284 | D:14     | Found Ucseegaops's Armour Shop.
 25336 | D:14     | Reached skill level 18 in Shields
 25475 | D:14     | Found a labyrinth entrance.
 25484 | Lab      | Entered a labyrinth
 26094 | Lab      | Identified the Guide on Good Luck
 26150 | D:14     | Received a gift from Okawaru
 26168 | D:14     | Got a dazzling buckler
 26179 | D:14     | Identified the cursed +0 buckler of Space {MR+} (You found
                  | it on level 14 of the Dungeon)
 26671 | D:15     | Entered Level 15 of the Dungeon
 26775 | D:15     | Reached skill level 15 in Fighting
 26834 | D:15     | Reached XP level 16. HP: 149/149 MP: 16/16
 27320 | D:15     | Received a gift from Okawaru
 27943 | D:15     | Found a staircase to the Depths.
 28546 | Lair:2   | Killed D1HalberdGnoll's ghost
 28684 | Shoals:1 | Entered Level 1 of the Shoals
 28853 | Shoals:1 | Reached skill level 15 in Armour
 28899 | Shoals:1 | Reached skill level 19 in Shields
 29729 | Shoals:2 | Received a gift from Okawaru
 29732 | Shoals:2 | Got a crude hat {god gift}
 29759 | Shoals:2 | Identified the +0 hat of Heorghuff {Dex+3} (Okawaru gifted
                  | it to you on level 2 of the Shoals)
 29991 | Shoals:2 | Reached skill level 20 in Shields
 30224 | Shoals:2 | Found Sir Bol's Assorted Antiques.
 30239 | Shoals:2 | Bought a pair of steaming boots for 199 gold pieces
 30239 | Shoals:2 | Bought a scroll of magic mapping for 73 gold pieces
 30248 | Shoals:2 | Identified the +2 pair of boots "Muog" {Dex+2} (You bought
                  | it in a shop on level 2 of the Shoals)
 30822 | Shoals:3 | Reached XP level 17. HP: 143/158 MP: 17/17
 31336 | Shoals:3 | Noticed a kraken
 31600 | Shoals:3 | Killed a kraken
 31776 | Shoals:4 | Entered Level 4 of the Shoals
 31806 | Shoals:4 | Found an ancient bone altar of Kikubaaqudgha.
 31885 | Shoals:4 | Reached skill level 1 in Evocations
 31898 | Shoals:4 | Reached skill level 21 in Shields
 31913 | Shoals:4 | Received a gift from Okawaru
 32846 | Shoals:3 | Noticed Ilsuiw
 33202 | Shoals:3 | Killed Ilsuiw
 33409 | Shoals:4 | Got a barnacled rune of Zot
 33587 | Shoals:4 | Identified the Volume of Twisted Feathers
 34374 | Spider:1 | Entered Level 1 of the Spider Nest
 34495 | Spider:1 | Noticed Louise
 34518 | Spider:1 | Reached skill level 22 in Shields
 34545 | Spider:1 | Killed Louise
 34649 | Spider:1 | Reached XP level 18. HP: 168/168 MP: 18/18
 34659 | Spider:1 | Received a gift from Okawaru
 34717 | Spider:1 | Received a gift from Okawaru
 35592 | Spider:2 | Noticed Arachne
 35614 | Spider:2 | Killed Arachne
 35790 | Spider:2 | Got a bloodstained chain mail
 35806 | Spider:2 | Identified the +1 chain mail of Utte {Regen+ Str+4} (You
                  | found it on level 2 of the Spider Nest)
 35906 | Spider:2 | Reached skill level 23 in Shields
 35925 | Spider:2 | Found a runed door.
 35925 | Spider:2 | Found a shimmering altar of Xom.
 35925 | Spider:2 | Noticed Morbidden's ghost (adept DrFi)
 35951 | Spider:2 | Killed Morbidden's ghost
 35959 | Spider:2 | Got a jewelled scale mail
 35973 | Spider:2 | Identified the +2 scale mail "Ytemat" {rN++} (You found it
                  | on level 2 of the Spider Nest)
 37099 | Spider:4 | Entered Level 4 of the Spider Nest
 37441 | Spider:4 | Received a gift from Okawaru
 37916 | Spider:4 | Paralysed by a hornet for 1 turns
 38157 | Spider:4 | Reached XP level 19. HP: 173/177 MP: 4/19
 38285 | Spider:4 | Got a gossamer rune of Zot
 38740 | Orc:2    | Bought a potion of curing for 39 gold pieces
 38740 | Orc:2    | Bought a potion of mutation for 104 gold pieces
 38740 | Orc:2    | Bought a potion of haste for 130 gold pieces
 38740 | Orc:2    | Bought a potion of curing for 39 gold pieces
 38740 | Orc:2    | Bought a potion of curing for 39 gold pieces
 38992 | Vaults:1 | Entered Level 1 of the Vaults
 39032 | Vaults:1 | Reached skill level 24 in Shields
 39046 | Vaults:1 | Received a gift from Okawaru
 39835 | Vaults:1 | Received a gift from Okawaru
 40265 | Vaults:1 | Received a gift from Okawaru
 40277 | Vaults:1 | Got an ancient hat {god gift}
 40288 | Vaults:1 | Identified the +0 hat of the Volcano {Str+3} (Okawaru
                  | gifted it to you on level 1 of the Vaults)
 41043 | Vaults:2 | Reached skill level 25 in Shields
 41251 | Vaults:2 | Found a staircase to the Crypt.
 41251 | Vaults:2 | Found a basalt altar of Yredelemnul.
 41251 | Vaults:2 | Found an ancient bone altar of Kikubaaqudgha.
 41459 | Vaults:2 | Found Wyug's Armour Shoppe.
 41581 | Vaults:2 | Noticed a lich
 41676 | Vaults:2 | Reached XP level 20. HP: 189/189 MP: 20/20
 41792 | Vaults:2 | Paralysed by a hornet for 1 turns
 42873 | Vaults:3 | Received a gift from Okawaru
 42876 | Vaults:3 | Got an encrusted hand crossbow {god gift}
 42979 | Vaults:3 | Identified Jocruh's Collected Works on the Frostbite
 43211 | Vaults:3 | Noticed Boris
 43220 | Vaults:3 | Killed Boris
 43538 | Vaults:3 | Received a gift from Okawaru
 43568 | Vaults:3 | Reached skill level 26 in Shields
 44003 | Vaults:3 | Noticed a bone dragon
 44025 | Vaults:3 | Killed a bone dragon
 44087 | Vaults:3 | Reached XP level 21. HP: 106/198 MP: 21/21
 44100 | Vaults:3 | Identified the Handbook of the Manifold Moons
 44193 | Vaults:3 | Identified the Papyrus of Orientation
 44514 | Vaults:3 | Noticed Margery
 44544 | Vaults:3 | Killed Margery
 44550 | Vaults:3 | Received a gift from Okawaru
 45194 | Vaults:3 | Identified the Grimoire of the Bull
 45691 | Vaults:4 | Received a gift from Okawaru
 45691 | Vaults:4 | Reached skill level 27 in Shields
 46070 | Vaults:4 | Found a magical portal.
 46149 | Vaults:4 | Noticed Xtahua
 46160 | Vaults:4 | Killed Xtahua
 46642 | Vaults:4 | Found a large runed door.
 46643 | Vaults:4 | Noticed Kadeclir's ghost (veteran GrFi)
 46643 | Vaults:4 | Found a large runed door.
 46643 | Vaults:4 | Noticed Kadeclir's ghost (veteran GrFi)
 46646 | Vaults:4 | Noticed Mennas
 47035 | Vaults:4 | Killed Kadeclir's ghost
 47085 | Vaults:4 | Killed Kadeclir's ghost
 47085 | Vaults:4 | Reached XP level 22. HP: 163/211 MP: 22/22
 47361 | Vaults:4 | Killed Mennas
 48250 | Lair:1   | Identified the +1 hand crossbow of the Shoals {speed, rElec
                  | Str-5 Int+10} (Okawaru gifted it to you on level 3 of the
                  | Vaults)
 48528 | Elf:1    | Entered Level 1 of the Elven Halls
 48811 | Elf:1    | Received a gift from Okawaru
 50003 | Elf:2    | Found a huge runed gate.
 50003 | Elf:2    | Found a huge runed gate.
 50009 | Elf:2    | Found a huge runed gate.
 50009 | Elf:2    | Found a huge runed gate.
 50009 | Elf:2    | Found a huge runed gate.
 50139 | Elf:2    | Found Jutsinte's Book Emporium.
 50333 | Elf:2    | Received a gift from Okawaru
 50335 | Elf:2    | Cast into level 3 of the Abyss (a deep elf sorcerer)
 50344 | Abyss:3  | Found a corrupted altar of Lugonu.
 50377 | Elf:2    | Escaped the Abyss
 51352 | Elf:3    | Entered Level 3 of the Elven Halls
 51735 | Elf:3    | Found Erumiewo's Assorted Antiques.
 51762 | Elf:3    | Bought a scroll of blinking for 277 gold pieces
 53160 | Elf:3    | Cast into level 2 of the Abyss (a deep elf demonologist)
 53245 | Abyss:2  | Received a gift from Okawaru
 53290 | Elf:3    | Escaped the Abyss
 53892 | Elf:3    | Reached XP level 23. HP: 111/223 MP: 24/24
 54177 | Elf:3    | HP: 4/223 [deep elf sorcerer/bolt of acid (38)]
 54177 | Elf:3    | Splashed by a deep elf sorcerer's acid

Skill      XL: |  1  2  3  4  5  6  7  8  9 10 11 12 13 14 15 16 17 18 19 20 21 22 |
---------------+-------------------------------------------------------------------+-----
Armour         | 4 5 6 7 9 10 12 13 14 15 16 17 18 19 | 19.9
Fighting       | 4 5 6 7 9 10 12 13 14 15 16 17 18 19 20 22 | 22.1
Dodging        | 1 2 3 4 |  4.1
Long Blades    | 3 4 5 6 8 10 12 14 15 16 17 18 19 20 21 22 | 22.9
Shields        | 4 5 6 7 9 11 12 14 16 18 20 22 23 25 26 27 | 27.0
Stealth        | 1 |  1.6
Invocations    | 2 3 |  3.1
Evocations     | 1 |  1.9
Unarmed Combat | |  0.9

Action                   |  1- 3 |  4- 6 |  7- 9 | 10-12 | 13-15 | 16-18 | 19-21 | 22-24 || total
-------------------------+-------+-------+-------+-------+-------+-------+-------+-------++-------
Melee: Long sword        |    93 |   127 |   375 |   516 |   155 |   308 |    76 |       ||  1650
       Headbutt          |     8 |    28 |   109 |   206 |   343 |   548 |   597 |   161 ||  2000
       Falchion          |       |       |       |   394 |       |       |       |       ||   394
       Unarmed           |       |       |       |     2 |       |       |       |       ||     2
       Demon blade       |       |       |       |       |  1342 |  1648 |  1488 |   546 ||  5024
       Double sword      |       |       |       |       |       |       |    80 |    12 ||    92
Invok: Heroism           |       |       |       |     3 |     2 |     2 |     1 |     1 ||     9
       Finesse           |       |       |       |     1 |       |       |       |     1 ||     2
Evoke: Wand              |       |       |       |     6 |       |    19 |     7 |     1 ||    33
  Use: Potion            |     1 |       |     1 |     1 |     2 |     4 |     2 |       ||    11
       Scroll            |       |       |     6 |    10 |    21 |     9 |     6 |     4 ||    56
  Eat: Chunk             |       |     6 |    13 |    22 |    30 |    40 |    26 |    20 ||   157
       Ration            |       |       |       |     2 |     2 |       |     1 |     1 ||     6
Armor: Scale mail        |    43 |    57 |    45 |       |       |       |       |       ||   145
       Chain mail        |       |       |    36 |       |       |       |       |       ||    36
       Plate armour      |       |       |    79 |   201 |       |       |       |       ||   280
       Crystal plate arm |       |       |       |   156 |   557 |   994 |   516 |   103 ||  2326
       Storm dragon scal |       |       |       |       |    24 |       |       |       ||    24
Dodge: Dodged            |    35 |    42 |    83 |   190 |   156 |   407 |   267 |    39 ||  1219
Block: Shield            |    32 |    59 |   170 |   435 |    98 |       |       |       ||   794
       Large shield      |       |       |       |       |  1385 |  2841 |  2004 |   491 ||  6721
       Reflection        |       |       |       |       |    68 |   178 |   137 |    72 ||   455
       Rpst.: Long sword |     6 |    16 |    23 |    31 |     1 |    12 |       |       ||    89
       Falchion          |       |       |       |    14 |       |       |       |       ||    14
       Demon blade       |       |       |       |       |    27 |    54 |    42 |     9 ||   132
